 Dungeon Crawl Stone Soup version 0.28.0-47-ge53b351184 (webtiles) character file.

Game seed: 6493696550222925154

3509 101zpm the Thaumaturge (level 10, -9/63 HPs)
             Began as a Djinni Fire Elementalist on Apr 30, 2022.
             Was a Believer of Cheibriados.
             Mangled by an orc warlord
             ... wielding a +2 vorpal double sword
              (30 damage)
             ... in a bailey.
             The game lasted 00:26:19 (13183 turns).

101zpm the Thaumaturge (Djinni Fire Elementalist)  Turns: 13183, Time: 00:26:20

Health: -9/63      AC:  3    Str: 11    XL:     10   Next: 28%
Gold:   360        EV: 28    Int: 25    God:    Cheibriados [**....] SH:  0 Dex: 18

rFire   + + .      SeeInvis .   (no weapon)
rCold   x . .      Faith    .   (no shield)
rNeg    + + .      Spirit   .   a - +0 robe
rPois   ∞          Reflect  .   (no helmet)
rElec   .          Harm     .   s - +0 cloak
rCorr   .          Rampage  .   (no gloves)
Will    +....                   (boots unavailable)
Stlth   +++.......              r - amulet of the acrobat
HPRegen 0.20/turn               o - ring of positive energy
MPRegen 0.00/turn               w - ring of positive energy

@: acrobatic, flying, very slow
A: sickness immunity, fire resistance 2, cold vulnerability 1, float, innate
caster, HP casting, extra vitality 1
a: Renounce Religion, Bend Time


You were in a bailey.
You worshipped Cheibriados.
Cheibriados was pleased with you.
You visited 2 branches of the dungeon, and saw 9 of its levels.
You also visited: Bailey.

You collected 360 gold pieces.

Inventory:

Hand Weapons
 t - a +3 dagger
Armour
 a - a +0 robe (worn)
 s - a +0 cloak (worn)
Jewellery
 o - a ring of positive energy (left hand)
 r - an amulet of the acrobat (around neck)
 w - a ring of positive energy (right hand)
Wands
 x - a wand of polymorph (6)
 y - a wand of acid (5)
 z - a wand of flame (23)
Scrolls
 b - 3 scrolls of teleportation
 c - a scroll of enchant weapon
 d - a scroll of identify
 e - a scroll of immolation
 j - a scroll of noise {unknown}
 k - 2 scrolls of fog {unknown}
 l - a scroll of enchant armour {unknown}
 m - 2 scrolls of fear {unknown}
 n - a scroll of vulnerability {unknown}
 q - a scroll of amnesia {unknown}
 v - a scroll of silence
 A - 2 scrolls of blinking {unknown}
Potions
 f - a potion of lignification {unknown}
 g - 2 potions of heal wounds {unknown}
 h - a potion of might {unknown}
 i - a potion of mutation {unknown}
 p - 2 potions of haste {unknown}
 u - a potion of invisibility {unknown}
 B - a potion of magic {unknown}


   Skills:
 + Level 1.5 Fighting
 + Level 3.2 Dodging
 + Level 4.4 Stealth
 + Level 0.1 Unarmed Combat
 + Level 10.3 Spellcasting


You had 7 spell levels left.
You knew the following spells:

 Your Spells              Type           Power      Damage    Failure   Level
a - Foxfire               Conj/Fire      100%       2x1d9     1%          1
b - Scorch                Fire           100%       2d10      1%          2
c - Conjure Flame         Conj/Fire      59%        6-21      1%          3
d - Inner Flame           Hex/Fire       59%        N/A       1%          3
e - Flame Wave            Conj/Fire      59%        2d11      1%          4
f - Shock                 Conj/Air       100%       1d9       1%          1
g - Call Imp              Summ           59%        N/A       1%          2
h - Portal Projectile     Hex/Tloc       100%       N/A       1%          3
i - Teleport Other        Tloc           59%        N/A       1%          3
Your spell library was empty.

Dungeon Overview and Level Annotations

Branches:
Dungeon (8/15)             Temple (1/1) D:6          Bailey (1/1)
   Lair: D:8-11

Altars:
Ashenzari
Cheibriados
Dithmenos
Elyvilon
Fedhas
Hepliaklqana
Qazlal
Ru
Uskayaw
Vehumet
Wu Jian
Xom
Yredelemnul
Lugonu

Shops:
D:4 :   D:6 *

Annotations:
D:4 3 runed translucent doors, Bruhh's ghost, amateur GrFi


Innate Abilities, Weirdness & Mutations

You are immune to sickness and miasma.
You are immune to poison.
Your flesh is very heat resistant. (rF++)
You are vulnerable to cold. (rC-)
You float through the air rather than walking.
You learn spells naturally, not from books.
Your magical power is your life essence.
You have superior vitality. (+4 MHP)


Message History

You conjure some foxfire!
Your foxfire dissipates!
You conjure some foxfire!
Your foxfire dissipates! x3
You conjure some foxfire!
Your foxfire dissipates! x2
You conjure some foxfire!
Your foxfire dissipates! x2
You conjure some foxfire!
Your foxfire dissipates!
You reach down and open the gate.
Your foxfire dissipates! x2
The foxfire hits the goblin but does no damage.
The goblin is engulfed in a cloud of scalding steam.
You kill the goblin!
Cheibriados appreciates the change of pace.
You hear a splash. x3
The foxfire hits the orc warlord.
The orc warlord is lightly wounded.
Your shadow imp barely misses the orc warlord.
Casting: Foxfire (safe; 1% risk of failure)
Confirm with . or Enter, or press ? or * to list all spells.
Aiming: Inner Flame (safe; 1% risk of failure)
Press: ? - help, Dir - move target, f - orc warlord
Aim: an orc warlord, wielding a +2 vorpal double sword and wearing a +0 chain mail (lightly wounded, ally target, chance to affect: 76%)
The orc warlord barely resists.
Your foxfire dissipates!
Your shadow imp hits the orc warlord.
Your foxfire dissipates!
Casting: Inner Flame (safe; 1% risk of failure)
Confirm with . or Enter, or press ? or * to list all spells.
Aiming: Inner Flame (safe; 1% risk of failure)
Press: ? - help, Dir - move target, f/p - orc warlord
Aim: an orc warlord, wielding a +2 vorpal double sword and wearing a +0 chain mail (lightly wounded, ally target, chance to affect: 76%)
The orc warlord is filled with an inner flame.
The orc warlord hits you with a +2 vorpal double sword!!
Your shadow imp closely misses the orc warlord.
Your shadow imp hits the orc warlord but does no damage.
The orc warlord hits you with a +2 vorpal double sword!!
You die...

#####♣♣♣.....♣♣♣####
##...##.........##...
##.....##.......##....
##.......##≈≈≈≈≈##...8.
##..8..8...#≈≈≈≈≈#......
#..........#≈≈≈≈≈#......
#........))).)...'....8.
#...8......#########....
##.....@####≈≈≈#≈≈≈##...
##....o#≈≈#≈.....)≈#...
##...5#≈.........≈#...
#...##≈8.8...8.8##.(.
#...'≈≈.........#....
#...')≈....∩....#....
#...'≈≈.........#....
#...##≈8.8...8.8##.(.
##....#≈.........≈#...


You could see an orc warlord (inner flame, ally target) and a friendly shadow
imp (summoned).

Vanquished Creatures
  A two-headed ogre (D:5)
  A wyvern (D:8)
  A steam dragon (D:8)
  Menkaure (D:6)
  2 water moccasins
  5 orc warriors (Bailey)
  An ice beast (D:6)
  A black bear (D:5)
  An ogre (D:5)
  A centaur (D:6)
  2 phantoms
  2 kobold brigands
  A bullfrog (D:6)
  4 scorpions
  6 killer bees (D:8)
  3 jellies (D:6)
  An orc priest (D:7)
  A centaur skeleton (D:2)
  2 hounds
  2 orc wizards (D:7)
  2 killer bee zombies (D:7)
  A hound zombie (D:5)
  A hound skeleton (D:4)
  7 gnolls
  12 adders
  A shadow imp (D:5)
  2 white imps
  2 ufetubi
  A worm (D:5)
  2 dart slugs
  10 orcs
  11 ball pythons
  5 endoplasms
  9 giant cockroaches
  13 goblins
  11 hobgoblins
  3 jackals (D:2)
  23 kobolds
  6 quokkas
  5 bats
  4 frilled lizards
  5 rats
175 creatures vanquished.

Vanquished Creatures (others)
  693 foxfires
693 creatures vanquished.

Grand Total: 868 creatures vanquished

Notes
Turn   | Place    | Note
-------+----------+-------------------------------------------
     0 | D:1      | 101zpm the Djinni Fire Elementalist began the quest for the
                  | Orb.
     0 | D:1      | Reached XP level 1. HP: 15/15 MP: 0/0
   131 | D:1      | Reached XP level 2. HP: 10/21 MP: 0/0
  1085 | D:1      | Reached skill level 3 in Spellcasting
  1310 | D:1      | Found a stormy altar of Qazlal.
  1388 | D:1      | Reached XP level 3. HP: 17/25 MP: 0/0
  1388 | D:1      | Learned a level 1 spell: Shock
  2493 | D:2      | Reached XP level 4. HP: 29/31 MP: 0/0
  3253 | D:2      | Reached XP level 5. HP: 17/35 MP: 0/0
  3253 | D:2      | Learned a level 2 spell: Call Imp
  3577 | D:2      | Reached skill level 4 in Spellcasting
  5015 | D:3      | Found a faded altar of an unknown god.
  5638 | D:4      | Found a runed translucent gate.
  5638 | D:4      | Found a runed translucent gate.
  5638 | D:4      | Found a runed translucent gate.
  5641 | D:4      | Noticed Bruhh's ghost (amateur GrFi)
  5651 | D:4      | Reached XP level 6. HP: 29/40 MP: 0/0
  5750 | D:4      | Reached skill level 5 in Spellcasting
  6089 | D:4      | Found Kutemm's Book Emporium.
  6851 | D:4      | Found a broken altar of Ashenzari.
  6860 | D:4      | Reached XP level 7. HP: 20/46 MP: 0/0
  6860 | D:4      | Learned a level 3 spell: Portal Projectile
  7127 | D:4      | Found a hide-covered altar of Uskayaw.
  7213 | D:5      | Entered Level 5 of the Dungeon
  7575 | D:5      | Reached skill level 6 in Spellcasting
  7824 | D:5      | Noticed a two-headed ogre
  7834 | D:5      | Noticed a water moccasin
  7836 | D:5      | Killed a two-headed ogre
  7837 | D:5      | Reached skill level 7 in Spellcasting
  7837 | D:5      | Reached XP level 8. HP: 24/51 MP: 0/0
  7844 | D:5      | Reached skill level 1 in Fighting
  7850 | D:5      | Reached XP level 9. HP: 16/57 MP: 0/0
  7850 | D:5      | Learned a level 3 spell: Teleport Other
  8469 | D:6      | Noticed Menkaure
  8473 | D:6      | Reached skill level 8 in Spellcasting
  8702 | D:6      | Killed Menkaure
  9190 | D:6      | Found a snail-covered altar of Cheibriados.
  9657 | D:6      | Found a shimmering altar of Xom.
  9737 | D:6      | Found a staircase to the Ecumenical Temple.
 10010 | D:6      | Found Gokevir's General Store.
 10198 | Temple   | Entered the Ecumenical Temple
 10277 | D:6      | Became a worshipper of Cheibriados the Contemplative
 10572 | D:7      | Reached skill level 9 in Spellcasting
 11854 | D:8      | Reached XP level 10. HP: 50/63 MP: 0/0
 11881 | D:8      | Reached * piety under Cheibriados
 12156 | D:8      | Found a flagged portal.
 12171 | Bailey   | Entered a bailey
 12439 | Bailey   | Reached skill level 10 in Spellcasting
 12495 | Bailey   | Reached ** piety under Cheibriados
 12983 | Bailey   | Found a runed translucent gate.
 12986 | Bailey   | Found a runed translucent gate.
 12988 | Bailey   | Found a runed translucent gate.
 13035 | Bailey   | Noticed an orc warlord
 13183 | Bailey   | Mangled by an orc warlord

Illustrated notes

Levels and vault maps discovered:
D:1:      dpeg_arrival_lava_altar, layout_loops_ring, minmay_tree_intersection
D:2:      layout_basic
D:3:      layout_rooms, dreamdust_ecumenical_altar_angels_and_demons
D:4:      layout_basic, cheibrodos_ashenzari_chains,
          mainiacjoe_overflow_large_starburst, gammafunk_ghost_necromancy,
          serial_shops, nicolae_shop_advertising_works
          [nicolae_subvault_shop_adworks], kennysheep_cross_bottleneck
D:5:      layout_rooms, hangedman_abyss_or_decor_stabs, minmay_misc_feat_iff
D:6:      layout_rooms, mainiacjoe_overflow_alcove_4, amcnicky_altar_gilded,
          temple_doors_e, serial_shops, kennysheep_little_box,
          serial_park_tiny_pond, nicolae_benzene_ring, minivault_24,
          grunt_ministairs_12, uniq_menkaure
D:7:      layout_layer_cave
D:8:      layout_loops_ring, mainiacjoe_overflow_concentric_impassable,
          marbit_many_paths, enter_bailey_5, dk_noncrumbling_4,
          chequers_serial_rivers_small_b, uniq_joseph
Temple:   corrupted_temple
Bailey:   bailey_axe_bossmonster_kennysheep, bailey

Skill      XL: |  1  2  3  4  5  6  7  8  9 10 |
---------------+-------------------------------+-----
Spellcasting   | 3 4 5 7 9 10 | 10.3
Stealth        | 2 3 4 |  4.4
Fighting       | 1 |  1.5
Dodging        | 3 |  3.2
Unarmed Combat | |  0.1

Action                   |  1- 3 |  4- 6 |  7- 9 | 10-12 || total
-------------------------+-------+-------+-------+-------++-------
Melee: Unarmed           |     6 |       |       |       ||     6
 Cast: Foxfire           |   105 |   151 |    96 |    70 ||   422
       Scorch            |     9 |    16 |     8 |     2 ||    35
       Inner Flame       |       |    21 |    44 |    22 ||    87
       Call Imp          |       |     2 |     1 |     5 ||     8
       Flame Wave        |       |       |     7 |       ||     7
       Shock             |       |       |       |     1 ||     1
       Portal Projectile |       |       |       |     1 ||     1
  Use: Scroll            |       |       |     5 |     1 ||     6
Armor: Robe              |       |     4 |     2 |     2 ||     8
Dodge: Dodged            |     5 |     6 |    23 |    18 ||    52
